 Dungeon Crawl Stone Soup version 0.22-a0-447-gee5f723 (webtiles) character file.

117 xccam the Ducker (level 4, -4/24 HPs)
             Began as a Spriggan Berserker on June 3, 2018.
             Was a Believer of Trog.
             Slain by Grinder (5 damage)
             ... while paralysed by Grinder
             ... on level 3 of the Dungeon.
             The game lasted 00:04:41 (2463 turns).

xccam the Ducker (Spriggan Berserker)               Turns: 2463, Time: 00:04:42

Health: -4/24      AC:  2    Str: 14    XL:     4   Next: 71%
Magic:  5/5        EV:  4    Int:  8    God:    Trog [**....]
Gold:   117        SH:  0    Dex: 15    Spells: 3/3 levels left

rFire    . . .     SeeInvis +   r - +2 dagger (speed)
rCold    . . .     Gourm    .   (shield restricted)
rNeg     . . .     Faith    .   b - +0 animal skin
rPois    .         Spirit   .   (helmet restricted)
rElec    .         Reflect  .   (no cloak)
rCorr    .         Harm     .   (gloves unavailable)
MR       .....                  (boots unavailable)
Stlth    +.........             (no amulet)
HPRegen  0.08/turn              (no ring)
MPRegen  0.09/turn              (no ring)

@: paralysed, flying, very quick
A: very small, unfitting armour, see invisible, herbivore, speed 3, slow
metabolism 2
a: Berserk, Trog's Hand, Renounce Religion


You were on level 3 of the Dungeon.
You worshipped Trog.
Trog was pleased with you.
You were not hungry.

You visited 1 branch of the dungeon, and saw 3 of its levels.

You collected 117 gold pieces.

Inventory:

Hand Weapons
 a - a +0 short sword
 r - a +2 dagger of speed (weapon)
Armour
 b - a +0 animal skin (worn)
Wands
 l - a wand of enslavement (20)
Scrolls
 d - 3 scrolls of teleportation {unknown}
 f - a scroll of identify {unknown}
 g - a scroll of enchant weapon {unknown}
 h - a scroll of fog {unknown}
 i - a scroll of immolation {unknown}
 k - a scroll of magic mapping {unknown}
 m - 2 scrolls of fear {unknown}
 n - a scroll of random uselessness {unknown}
 q - a scroll of remove curse {unknown}
Potions
 j - a potion of flight
 p - a potion of magic {unknown}
 s - a potion of ambrosia {unknown}
Comestibles
 c - 10 rations


   Skills:
 - Level 3.0 Fighting
 + Level 4.5 Short Blades
 + Level 6.1 Dodging


You had 3 spell levels left.
You didn't know any spells.
Your spell library was empty.

Dungeon Overview and Level Annotations

Branches:
Dungeon (3/15)

Altars:
Ru
Sif Muna

Annotations:
D:3 Grinder


Innate Abilities, Weirdness & Mutations

You are very small and have problems with some larger weapons.
You are too small for most types of armour.
You have supernaturally acute eyesight. (SInv)
You are a herbivore.
You cover ground extremely quickly.
You need to consume almost no food.


Message History

* * * LOW HITPOINT WARNING * * *
You are too injured to fight recklessly!
You are too injured to fight recklessly!
You are too injured to fight recklessly!
You hit Grinder.
Grinder is severely wounded.
You hit Grinder.
Grinder is severely wounded.
Grinder barely misses you.
You hit Grinder.
Grinder is severely wounded.
You hit Grinder.
Grinder is almost dead.
Grinder gestures at you.
You suddenly lose the ability to move!
Grinder barely misses you. Grinder hits you.
* * * LOW HITPOINT WARNING * * *
You writhe in agony.
You die...

### #.# ####.#
.o...###########
####o#.........###
#.#...........#
####.#...........#
...............5>#
##.#.#.######.##@#
#.#.# #.##.#
##+#+#'#### #.##.#
#.........# #.<#.#
#(........# ####.#
#.........# #.#
#.........# #.#
#.........# #.#
#.........# #..


You could see Grinder.

Vanquished Creatures
  5 adders
  An ooze (D:1)
  3 worms
  A dart slug (D:1)
  A leopard gecko (D:1)
  5 orcs (D:3)
  6 giant cockroaches
  6 goblins
  6 hobgoblins
  6 bats
  A frilled lizard (D:3)
  5 kobolds
  7 rats
53 creatures vanquished.

Notes
Turn   | Place    | Note
-------+----------+-------------------------------------------
     0 | D:1      | xccam the Spriggan Berserker began the quest for the Orb.
     0 | D:1      | Reached XP level 1. HP: 11/11 MP: 2/2
   190 | D:1      | Reached XP level 2. HP: 11/16 MP: 3/3
   541 | D:1      | Reached skill level 5 in Dodging
   679 | D:2      | Found a sacrificial altar of Ru.
   680 | D:2      | Found a deep blue altar of Sif Muna.
   952 | D:2      | Reached XP level 3. HP: 11/19 MP: 4/4
  1171 | D:2      | Reached ** piety under Trog
  1913 | D:3      | Reached XP level 4. HP: 24/24 MP: 5/5
  2154 | D:3      | Reached skill level 6 in Dodging
  2430 | D:3      | Noticed Grinder
  2442 | D:3      | Paralysed by Grinder for 3 turns
  2461 | D:3      | Paralysed by Grinder for 7 turns
  2463 | D:3      | HP: 1/24 [Grinder (1)]
  2463 | D:3      | Slain by Grinder

Vault maps used:
D:1:      elethiomel_arrival_shortcut
D:2:      grunt_temple_overflow_open
D:3:      minmay_crystal_room, uniq_grinder

Skill      XL: |  1  2  3  4 |
---------------+-------------+-----
Dodging        | 5 6 |  6.1
Short Blades   | 4 |  4.5
Fighting       | 3 |  3.0

Action                   |  1- 3 |  4- 6 || total
-------------------------+-------+-------++-------
Melee: Short sword       |   172 |    84 ||   256
       Dagger            |       |    20 ||    20
Invok: Berserk           |     1 |     1 ||     2
  Use: Potion            |       |     4 ||     4
 Stab: Sleeping          |     1 |       ||     1
  Eat: Ration            |       |     1 ||     1
Armor: Animal skin       |    12 |     2 ||    14
Dodge: Dodged            |   164 |    79 ||   243

Table legend:
 A = Spawn XP
 B = Non-spawn XP
 C = Spawn XP percentage of total XP
 D = Spawn monster count
 E = Non-spawn monster count
 F = Spawn count percentage of total count
 G = Total turns spent on level
                    A         B        C        D         E        F      G
               +---------+---------+-------+---------+---------+-------+---------
         Total |       0 |     168 |   0.0 |       0 |      53 |   0.0 |  2463
               +---------+---------+-------+---------+---------+-------+---------
           D:1 |       0 |      35 |   0.0 |       0 |      16 |   0.0 |   883
           D:2 |       0 |      59 |   0.0 |       0 |      19 |   0.0 |  1016
           D:3 |       0 |      74 |   0.0 |       0 |      18 |   0.0 |   564
               +---------+---------+-------+---------+---------+-------+---------
